 Dungeon Crawl Stone Soup version 0.20.0-15-g7f486f2 (webtiles) character file.

92 Inarius the Digger (level 4, -5/26 HPs)
             Began as a Gargoyle Earth Elementalist on June 22, 2017.
             Was an Initiate of Vehumet.
             Slain by Grinder (9 damage)
             ... on level 4 of the Dungeon.
             The game lasted 00:04:52 (2804 turns).

Inarius the Digger (Gargoyle Earth Elementalist)    Turns: 2804, Time: 00:04:52

Health: -5/26      AC:  5    Str: 12    XL:     4   Next: 60%
Magic:  1/7        EV: 12    Int: 16    God:    Vehumet [......]
Gold:   198        SH:  0    Dex: 10    Spells: 3/7 levels left

rFire    . . .     SeeInvis .   f - +0 short sword
rCold    . . .     Gourm    .   (no shield)
rNeg     + . .     Faith    .   c - +0 robe
rPois    ∞         Spirit   .   (no helmet)
rElec    +         Reflect  .   (no cloak)
rCorr    .         Harm     .   (no gloves)
MR       .....                  (no boots)
Stlth    ++........             (no amulet)
Regen    0.1/turn               (no ring)
MPRegen  0.1/turn               (no ring)

@: no status effects
A: negative energy resistance 1, electricity resistance, unbreathing,
petrification resistance, rot immunity, AC +3
a: Renounce Religion


You were on level 4 of the Dungeon.
You worshipped Vehumet.
Vehumet was noncommittal.
You were not hungry.

You visited 1 branch of the dungeon, and saw 4 of its levels.

You collected 198 gold pieces.

Inventory:

Hand Weapons
 f - a +0 short sword (weapon)
Missiles
 b - 87 stones (quivered)
Armour
 c - a +0 robe (worn)
Scrolls
 h - a scroll of noise {unknown}
 j - a scroll of immolation {unknown}
 m - a scroll of recharging {unknown}
Potions
 a - 3 potions of brilliance {unknown}
 g - 2 potions of curing {unknown}
 k - a potion of mutation {unknown}
 l - a potion of heal wounds {unknown}
Books
 e - a book of Geomancy

   Spells                             Type                      Level
   a - Sandblast                      Earth                        1
   b - Passwall                       Transmutation/Earth          2
   c - Stone Arrow                    Conjuration/Earth            3
   d - Petrify                        Transmutation/Earth          4
   e - Lee's Rapid Deconstruction     Earth                        5
Comestibles
 d - 3 bread rations
 i - 2 meat rations
 n - 4 chunks of flesh


   Skills:
 * Level 1.9 Fighting
 - Level 0.5 Short Blades
 * Level 1.4 Armour
 * Level 2.1 Dodging
 - Level 2.1 Stealth
 + Level 2.3 Spellcasting
 * Level 0.7 Conjurations
   Level 0.7 Transmutations
 + Level 4.3 Earth Magic


You had 3 spell levels left.
You knew the following spells:

 Your Spells              Type           Power        Failure   Level  Hunger
a - Sandblast             Erth           ###...       3%          1    #......
b - Stone Arrow           Conj/Erth      #.....       22%         3    ###....


Dungeon Overview and Level Annotations

Branches:
Dungeon (4/15)
 Temple: D:4-7

Altars:
Cheibriados
Vehumet

Annotations:
D:4 Grinder


Innate Abilities, Weirdness & Mutations

You are resistant to torment.
Your stone body is resilient. (AC +3)
You are immune to poison.
You resist negative energy. (rN+)
You are resistant to electric shocks. (rElec)
You can survive without breathing.
You are immune to petrification.
You are immune to rotting.


Message History

You suddenly lose the ability to move!
The goblin hits you with a club. Grinder gestures at you.
You barely resist.
You can move again.
Unknown command.
Unknown command.
Unknown command.
Unknown command.
The goblin completely misses you. Grinder gestures at you.
Pain shoots through your body!
* * * LOW HITPOINT WARNING * * *
You slide downwards.
The hatch slams shut behind you.
A worm comes into view.
Unknown command.
You closely miss Grinder.
Grinder is severely wounded.
The goblin hits you but does no damage. Grinder hits you!
You die...

###
#..
...
#w#
#.#
#g#
#@#
#5#
#..
####


You could see Grinder, a worm and a goblin.

Vanquished Creatures
  3 adders
  An ooze (D:1)
  2 worms
  2 dart slugs
  3 leopard geckos
  5 giant cockroaches
  4 goblins
  6 hobgoblins
  4 jackals (D:1)
  2 kobolds (D:1)
  8 bats
  2 frilled lizards (D:1)
  5 rats
47 creatures vanquished.

Notes
Turn   | Place    | Note
-------+----------+-------------------------------------------
     0 | D:1      | Inarius the Gargoyle Earth Elementalist began the quest for the Orb.
     0 | D:1      | Reached XP level 1. HP: 10/10 MP: 3/3
   316 | D:1      | Reached skill level 4 in Earth Magic
   316 | D:1      | Reached XP level 2. HP: 9/15 MP: 3/5
  1096 | D:1      | Reached XP level 3. HP: 20/20 MP: 6/6
  1316 | D:1      | Reached skill level 1 in Fighting
  1436 | D:1      | Learned a level 3 spell: Stone Arrow
  1703 | D:2      | Found a radiant altar of Vehumet.
  1708 | D:2      | Became a worshipper of Vehumet
  1735 | D:2      | Reached skill level 1 in Armour
  2028 | D:2      | Reached XP level 4. HP: 25/25 MP: 7/7
  2106 | D:2      | Found a snail-covered altar of Cheibriados.
  2779 | D:3      | Noticed Grinder
  2800 | D:3      | Paralysed by Grinder for 2 turns
  2804 | D:4      | Slain by Grinder

Skill      XL: |  1  2  3 |
---------------+----------+-----
Earth Magic    | 4 |  4.3
Fighting       | 1 |  1.9
Armour         | 1 |  1.4
Dodging        | 2 |  2.1
Short Blades   | |  0.5
Stealth        | |  2.1
Spellcasting   | |  2.3
Conjurations   | |  0.7
Transmutations | |  0.7

Action                   |  1- 3 |  4- 6 || total
-------------------------+-------+-------++-------
Melee: Short sword       |   124 |    46 ||   170
 Cast: Sandblast         |     9 |     4 ||    13
       Stone Arrow       |     4 |     6 ||    10
 Stab: Sleeping          |     2 |       ||     2
  Eat: Chunk             |     4 |     4 ||     8
Armor: Robe              |    57 |    18 ||    75
Dodge: Dodged            |    79 |    35 ||   114
